Map: Void Training Stage 3

Players

Fuzzi

  • Race: Terran Terran
  • League: Diamond

Player 2 - Winner!

  • Race: Zerg Zerg

VOD

Have the link to the VOD?

Description

Time

  • Played on: Feb. 15, 2016, 12:22 p.m.
  • Length: 5:23
Show
View Real Time Build Order
Export as new Build Order

Fuzzi Terran 

Build Orders: Reaper Expand 

Get SALT Encoding   

  12  0:01  SCV  
  13  0:13  SCV  
  14  0:18  Supply Depot  
  14  0:25  SCV  
  15  0:40  SCV  
  15  0:41  Barracks  
  16  0:45  Refinery  
  16  0:52  SCV  
  17  1:04  SCV  
  18  1:16  SCV  
  19  1:28  Reaper, Orbital Command  
  20  1:42  Command Center  
  20  1:55  SCV, Supply Depot  
  20  2:00  Barracks Tech Lab  
  21  2:09  SCV  
  21  2:14  Factory  
  23  2:23  Stimpack, Marine  
  23  2:29  SCV  
  24  2:42  Barracks, SCV  
  24  2:43  Marine  
  26  2:45  Barracks  
  26  2:54  Orbital Command  
  26  3:00  Marine  
  26  3:02  SCV  
  26  3:03  Factory  
  28  3:06  Refinery  
  28  3:14  SCV  
  28  3:19  Marine  
  30  3:21  SCV  
  30  3:26  SCV  
  32  3:32  Marine x2  
  32  3:33  SCV  
  35  3:36  Supply Depot  
  35  3:37  Marine  
  35  3:39  SCV  
  35  3:40  Supply Depot  
  37  3:45  SCV  
  38  3:48  Starport  
  38  3:50  Factory Reactor  
  38  3:51  SCV, Marine  
  38  3:52  Marine  
  41  3:57  SCV  
  41  4:00  Marine  
  43  4:04  SCV  
  43  4:09  SCV, Marine x2  
  46  4:16  SCV  
  48  4:18  Marine  
  48  4:22  SCV  
  50  4:27  Marine  
  50  4:28  SCV  
  50  4:29  Marine  
  53  4:36  Marine  
  54  4:40  SCV x2  
  54  4:41  Factory Tech Lab  
  54  4:42  Engineering Bay  
  54  4:43  Engineering Bay  
  54  4:45  Marine  
  57  4:47  Marine, Medivac  
  57  4:49  Medivac  
  62  4:56  Supply Depot  
  62  4:59  Supply Depot x2  
Show
View Real Time Build Order
Export as new Build Order

Player 2 Zerg - Winner!

Build Orders: Pool Only 

Get SALT Encoding   

  12  0:00  Drone  
  13  0:13  Overlord  
  13  0:18  Drone  
  14  0:31  Drone  
  14  0:34  Drone  
  16  0:44  Spawning Pool  
  16  0:45  Drone  
  16  0:50  Drone  
  16  0:52  Extractor  
  16  0:56  Drone  
  17  1:06  Overlord  
  17  1:31  Zergling x2, Queen  
  20  1:37  Zergling x2  
  20  1:39  Drone, Roach Warren  
  21  1:40  Extractor  
  20  1:50  Drone  
  21  1:57  Baneling Nest  
  21  2:00  Drone  
  21  2:11  Drone  
  22  2:22  Zergling x2  
  23  2:32  Zergling x2  
  24  2:37  Overlord  
  24  2:38  Zergling x2  
  24  2:44  Zergling x2  
  26  2:50  Zergling x2  
  27  2:55  Zergling x2  
  28  3:03  Baneling  
  28  3:05  Zergling x2, Baneling  
  28  3:11  Overlord, Zergling x2  
  30  3:17  Zergling x2, Baneling  
  31  3:23  Zergling x2, Baneling x2  
  32  3:29  Baneling  
  32  3:30  Zergling x2  
  33  3:36  Evolution Chamber  
  33  3:41  Drone  
  33  3:48  Drone  
  33  3:51  Drone  
  33  3:54  Drone  
  36  3:57  Drone  
  37  4:03  Drone  
  38  4:14  Drone  
Tags
 
Add a new tag
Caveats
  • Supply blocks, unpowered buildings, or Contaminate may cause inaccurate times.
  • Supply counts are checked every 10 seconds.